 Dungeon Crawl Stone Soup version 0.13-a0-2236-g7be3fc8 (webtiles) character file.

7617 Kae the Conjurer (level 11, -11/54 HPs)
             Began as a Tengu Fire Elementalist on July 4, 2013.
             Was a Follower of Vehumet.
             Killed from afar by Psyche (13 damage)
             ... with a puff of frost
             ... on Level 11 of the Dungeon.
             The game lasted 00:36:21 (14021 turns).

Kae the Conjurer (Tengu Fire Elementalist)         Turns: 14021, Time: 00:36:22

HP -11/54        AC  6     Str  9      XL: 11   Next: 11%
MP  26/26        EV 12     Int 18      God: Vehumet [*.....]
Gold 433         SH  0     Dex 15      Spells:  6 memorised,  7 levels left

Res.Fire  : . . .   See Invis. : .   u - staff of wizardry
Res.Cold  : . . .   Warding    : .   m - +2 orc robe {rN+}
Life Prot.: + . .   Conserve   : .   (no shield)
Res.Poison: .       Res.Corr.  : .   (helmet restricted)
Res.Elec. : .       Clarity    : .   f - +0 cloak
Sust.Abil.: . .     Spirit.Shd : .   B - +0 pair of orc gloves
Res.Mut.  : .       Stasis     : .   (boots unavailable)
Res.Rott. : .       Flight     : .   (no amulet)
Saprovore : . . .                    (no ring)
                                     (no ring)

@: about to teleport, somewhat resistant to hostile enchantments, fairly
stealthy
A: able to fly, beak, talons 3
a: Fly, Renounce Religion


You were on level 11 of the Dungeon.
You worshipped Vehumet.
Vehumet was most pleased with you.
You were not hungry.

You visited 2 branches of the dungeon, and saw 12 of its levels.

You collected 575 gold pieces.
You spent 162 gold pieces at shops.

Inventory:

Hand weapons
 d - a +4,+2 great mace of crushing
Armour
 f - a +0 cloak (worn)
 m - a +2 orcish robe of positive energy (worn)
 B - a +0 pair of orcish gloves (worn)
Magical devices
 y - a wand of disintegration (1)
 C - a wand of fire (9)
 D - a wand of paralysis (8) {unknown}
 E - a wand of paralysis (5) {unknown}
Comestibles
 c - 10 bread rations
 g - 2 lychees
 k - a chunk of wyvern flesh
 p - a rambutan
 r - a pear
 F - a meat ration
Scrolls
 j - 4 scrolls of remove curse
 n - a scroll of fog
 t - 3 scrolls of identify
 w - 2 scrolls of teleportation
 x - 2 scrolls of magic mapping
Jewellery
 h - an uncursed amulet of faith
Potions
 a - a potion of mutation {unknown}
 e - 3 potions of speed
 i - a potion of flight {unknown}
 l - 2 potions of heal wounds
 o - 8 potions of curing
 q - a potion of porridge {unknown}
 s - 2 potions of might {unknown}
 v - a potion of magic {unknown}
 z - a potion of berserk rage {unknown}
 A - 3 potions of brilliance
Books
 b - a book of Flames

   Spells                             Type                      Level
   *Flame Tongue                      Conjuration/Fire             1
   *Throw Flame                       Conjuration/Fire             2
   *Conjure Flame                     Conjuration/Fire             3
   Inner Flame                        Hexes/Fire                   3
   *Sticky Flame                      Conjuration/Fire             4
   *Fireball                          Conjuration/Fire             5
 I - a book of Summonings

   Spells                             Type                      Level
   Abjuration                         Summoning                    3
   Recall                             Summoning/Translocation      3
   Summon Elemental                   Summoning                    4
   Shadow Creatures                   Summoning                    5
   Summon Demon                       Summoning                    5
   Summon Ugly Thing                  Summoning                    6
Magical staves
 u - an uncursed staff of wizardry (weapon)


   Skills:
 - Level 2.1 Dodging
 - Level 2.0 Stealth
 + Level 6.8 Spellcasting
 * Level 13.2 Conjurations
 * Level 11.8 Fire Magic


You had 7 spell levels left.
You knew the following spells:

 Your Spells              Type           Power        Failure   Level  Hunger
a - Flame Tongue          Conj/Fire      #####        1%          1    None
b - Throw Flame           Conj/Fire      ######       1%          2    None
c - Conjure Flame         Conj/Fire      ######..     1%          3    ##.....
d - Sticky Flame          Conj/Fire      ######..     1%          4    ####...
e - Fireball              Conj/Fire      ######....   1%          5    #####..
f - Shock                 Conj/Air       ####         1%          1    None


Dungeon Overview and Level Annotations

Branches:
Dungeon (11/27)            Temple (1/1) D:7
    Orc: D:6-11        Lair: D:8-13

Altars:
Ashenzari
Cheibriados
Elyvilon
Fedhas
Kikubaaqudgha
Makhleb
Nemelex Xobeh
Okawaru
Sif Muna
Trog
Vehumet
Xom
Yredelemnul
Zin
the Shining One

Shops:
D:5: !*

Annotations
D:10 Nergalle
D:11 Psyche


Innate Abilities, Weirdness & Mutations

You can fly.
You have a beak for a mouth.
You have claws for feet.


Message History

* * * LOW HITPOINT WARNING * * *
Drink which item? (? for menu, Esc to quit)
You feel much better. Psyche gestures at you while chanting.
The puff of flame hits you!
* * * LOW HITPOINT WARNING * * *
Drink which item? (? for menu, Esc to quit)
You feel much better.
Psyche gestures wildly while chanting.
Psyche seems to speed up.
The hill giant skeleton hits you!
* * * LOW HITPOINT WARNING * * *
Psyche hits you but does no damage.
Read which item? (? for menu, Esc to quit)
As you read the scroll of teleportation, it crumbles to dust.
You feel strangely unstable. Psyche hits you but does no damage.
The hill giant skeleton hits you!
* * * LOW HITPOINT WARNING * * *
Psyche casts a spell at you. The puff of frost hits you!
You die...

# . ..#.... ......
.....## ......##
#......#### ##...
...... #..# .....
##@@## ...#
#.Z..###%.# ###
###..).....# #.#
#..!......######.##
#..###..............#
#.# #...........[..##
# ##>...#####.....#
##..## ##....# ....#
#..#.##


You could see Psyche and a hill giant skeleton.

Vanquished Creatures
  3 hill giants
  An unseen horror (D:11)
  A troll (D:10)
  3 hippogriffs
  A hungry ghost (D:9)
  2 wyverns
  2 manticores (D:8)
  A sky beast (D:6)
  A cyclops skeleton (D:9)
  2 yellow wasps
  4 ogres
  A wyvern skeleton (D:10)
  A giant goldfish zombie (D:2)
  An orc warrior (D:10)
  An ice beast (D:9)
  4 phantoms
  3 centaurs
  A water moccasin (D:10)
  7 giant frogs
  Blork the orc (D:7)
  An eye of draining (D:11)
  The ghost of JacquesDerrida the Poker, a weakling DgSk (D:3)
  6 killer bees (D:9)
  5 wights (D:9)
  4 hounds
  3 goliath beetles
  A crimson imp (D:9)
  A gnoll shaman (D:8)
  2 ogre skeletons
  2 orc priests
  2 quasits
  2 hound skeletons
  6 scorpions
  A worker ant zombie (D:7)
  2 iguanas
  5 orc wizards
  10 worker ants
  A big fish zombie (D:2)
  Ijyb (D:2)
  A steam dragon skeleton (D:10)
  4 jellies
  8 gnolls
  6 adders
  An iguana zombie (D:8)
  An adder zombie (D:10)
  A scorpion zombie (D:9)
  A giant mite (D:5)
  5 worms
  2 giant eyeballs
  4 giant geckos
  An ooze (D:1)
  17 orcs
  3 ball pythons
  7 giant cockroaches
  18 hobgoblins
  5 jackals
  13 kobolds
  2 quokkas
  A spectral orc (D:9)
  10 bats
  A giant gecko zombie (D:6)
  5 giant newts
  17 goblins
  A goblin zombie (D:3)
  2 kobold skeletons
  2 orc skeletons
  A quokka skeleton (D:5)
  A quokka zombie (D:5)
  23 rats
  A rat zombie (D:7)
262 creatures vanquished.

Vanquished Creatures (others)
  A gnoll (D:8)
  An adder (D:6)
  A giant gecko (D:6)
  A kobold (D:7)
4 creatures vanquished.

Grand Total: 266 creatures vanquished

Notes
Turn   | Place    | Note
--------------------------------------------------------------
     0 | D:1      | Kae, the Tengu Fire Elementalist, began the quest for the Orb.
     0 | D:1      | Reached XP level 1. HP: 10/10 MP: 3/3
   431 | D:1      | Reached XP level 2. HP: 7/15 MP: 5/5
  1536 | D:1      | Reached XP level 3. HP: 17/19 MP: 4/6
  1666 | D:2      | Noticed Ijyb
  1680 | D:2      | Killed Ijyb
  1947 | D:2      | Reached skill level 4 in Fire Magic
  2030 | D:2      | Reached XP level 4. HP: 24/24 MP: 8/8
  2037 | D:2      | Learned a level 2 spell: Throw Flame
  2041 | D:2      | Learned a level 3 spell: Conjure Flame
  2454 | D:2      | Found an ancient bone altar of Kikubaaqudgha.
  2516 | D:2      | Noticed a giant goldfish zombie
  2518 | D:2      | Found a basalt altar of Yredelemnul.
  2526 | D:2      | Killed a giant goldfish zombie
  2526 | D:2      | Reached XP level 5. HP: 7/28 MP: 3/11
  2941 | D:3      | Noticed JacquesDerrida's ghost (weakling DgSk)
  3127 | D:3      | Killed JacquesDerrida's ghost
  3127 | D:3      | Reached skill level 5 in Conjurations
  3127 | D:3      | Reached skill level 5 in Fire Magic
  3127 | D:3      | Reached XP level 6. HP: 21/32 MP: 10/13
  3236 | D:3      | Found a shattered altar of Ashenzari.
  3559 | D:3      | Found a deep blue altar of Sif Muna.
  4352 | D:4      | Reached skill level 6 in Conjurations
  4422 | D:4      | Reached XP level 7. HP: 31/36 MP: 12/15
  4766 | D:5      | Entered Level 5 of the Dungeon
  5136 | D:5      | Found Tratt's General Store.
  5265 | D:5      | Reached skill level 7 in Conjurations
  5348 | D:5      | Found Osee's Distillery.
  5356 | D:5      | Bought a potion of heal wounds for 39 gold pieces
  5356 | D:5      | Bought 2 potions of curing for 52 gold pieces
  5356 | D:5      | Bought a potion of heal wounds for 39 gold pieces
  5356 | D:5      | Bought a potion of brilliance for 32 gold pieces
  5519 | D:5      | Learned a level 4 spell: Sticky Flame
  6001 | D:5      | Reached XP level 8. HP: 41/41 MP: 14/19
  6484 | D:6      | Paralysed by a giant eyeball for 2 turns
  6744 | D:6      | Reached skill level 8 in Conjurations
  7124 | D:6      | Found a shimmering altar of Xom.
  7679 | D:7      | Reached XP level 9. HP: 40/45 MP: 13/21
  7810 | D:7      | Noticed Blork the orc
  7865 | D:7      | Killed Blork the orc
  7865 | D:7      | Reached skill level 9 in Conjurations
  7965 | D:7      | Paralysed by a giant eyeball for 3 turns
  8183 | D:7      | Found a staircase to the Ecumenical Temple.
  8189 | Temple   | Entered the Ecumenical Temple
  8425 | Temple   | Became a worshipper of Vehumet
  8685 | D:7      | Found a white marble altar of Elyvilon.
  9409 | D:8      | Reached skill level 10 in Conjurations
  9909 | D:8      | Reached skill level 5 in Spellcasting
 10158 | D:8      | Found a burning altar of Makhleb.
 10381 | D:9      | Reached XP level 10. HP: 50/50 MP: 18/23
 10623 | D:9      | Reached skill level 11 in Conjurations
 10755 | D:9      | Acquired Vehumet's first power
 10755 | D:9      | Offered knowledge of Shock by Vehumet.
 10803 | D:9      | Learned a level 5 spell: Fireball
 10805 | D:9      | Learned a level 1 spell: Shock
 10813 | D:9      | Found an iron altar of Okawaru.
 11158 | D:9      | Reached skill level 10 in Fire Magic
 11652 | D:9      | Paralysed by a yellow wasp for 3 turns
 12108 | D:10     | Entered Level 10 of the Dungeon
 12108 | D:10     | Noticed Nergalle
 12719 | D:10     | Noticed a hill giant
 12727 | D:10     | Killed a hill giant
 12727 | D:10     | Reached skill level 12 in Conjurations
 13002 | D:10     | Found a burning altar of Makhleb.
 13007 | D:10     | Noticed a hill giant
 13018 | D:10     | Killed a hill giant
 13757 | D:11     | Noticed Psyche
 13760 | D:11     | Killed an unseen horror
 13760 | D:11     | Reached skill level 13 in Conjurations
 13760 | D:11     | Reached XP level 11. HP: 54/54 MP: 16/26
 13914 | D:11     | Noticed a hill giant
 13921 | D:11     | Killed a hill giant
 14018 | D:11     | HP: 1/54 [hill giant skeleton (19)]
 14021 | D:11     | Killed from afar by Psyche

Action                   |  1- 3 |  4- 6 |  7- 9 | 10-12 || total
-------------------------+-------+-------+-------+-------++-------
Melee: Unarmed           |    31 |    29 |    11 |       ||    71
       Great mace        |       |       |     4 |    22 ||    26
       Staff             |       |       |       |    25 ||    25
 Cast: Flame Tongue      |    55 |   112 |   402 |   158 ||   727
       Throw Flame       |       |     3 |    15 |    13 ||    31
       Conjure Flame     |       |     2 |    30 |    13 ||    45
       Sticky Flame      |       |       |     3 |    10 ||    13
       Shock             |       |       |       |    13 ||    13
       Fireball          |       |       |       |     4 ||     4
 Abil: Fly               |       |       |     1 |       ||     1
Evoke: Wand              |       |       |     3 |     4 ||     7
  Use: Scroll            |     1 |     6 |    11 |     3 ||    21
       Potion            |       |     1 |       |     4 ||     5
 Stab: Sleeping          |     2 |     2 |       |       ||     4
